 Dungeon Crawl Stone Soup version 0.30-a0-596-g0af90f9a20 (webtiles) character file.

Game seed: 10670500905155234670

21 KinGLemons the Firebug (level 2, -3/20 HPs)
             Began as a Draconian Fire Elementalist on Jan 6, 2023.
             Succumbed to a goblin's poison
             ... on level 1 of the Dungeon.
             The game lasted 00:02:18 (408 turns).

KinGLemons the Firebug (Draconian Fire Elementalist) Turns: 408, Time: 00:02:19

Health: -3/20      AC:  4    Str: 10    XL:     2   Next: 62%
Magic:  5/5        EV: 10    Int: 15    God:
Gold:   0          SH:  6    Dex: 11    Spells: 4/5 levels left

rFire   . . .      SeeInvis .    e - +0 hand axe
rCold   . . .      Faith    .    d - +0 kite shield
rNeg    . . .      Spirit   .    (body armour unavailable)
rPois   .          Reflect  .    (helmet restricted)
rElec   .          Harm     .    (no cloak)
rCorr   .          Rampage  .    (no gloves)
Will    .....                    (no boots)
Stlth   ++                       (no amulet)
HPRegen 0.23/turn                (no ring)
MPRegen 0.09/turn                (no ring)

@: lethally poisoned (-3 -> -13)
A: AC +4, unfitting armour, cold-blooded
a: no special abilities


You were on level 1 of the Dungeon.
You visited 1 branch of the dungeon, and saw 2 of its levels.

Inventory:

Hand Weapons
 e - a +0 hand axe (weapon)
 f - a +0 dagger
 g - a +0 mace
Armour
 d - a +0 kite shield (worn)
Scrolls
 b - a scroll of fear {unknown}
 h - a scroll of immolation {unknown}
Potions
 a - 2 potions of magic
 c - a potion of brilliance {unknown}


   Skills:
 + Level 0.2 Axes
 + Level 1.8 Dodging
 + Level 1.8 Stealth
 + Level 0.2 Unarmed Combat
 + Level 2.3 Spellcasting
 + Level 1.0 Conjurations
 + Level 3.5 Fire Magic


You had 4 spell levels left.
You knew the following spells:

 Your Spells              Type           Power      Damage    Failure   Level
a - Foxfire               Conj/Fire      32%        2x1d5     30%         1

Your spell library contained the following spells:

 Spells                   Type           Power      Damage    Failure   Level
 Scorch                   Fire           24%        2d6       28%         2
 Inner Flame              Hex/Fire       7%         N/A       75%         3
 Kindle Blastsparks       Fire/Tloc/Air  10%        2d10      82%         3
 Flame Wave               Conj/Fire      8%         2d5       97%         4


Dungeon Overview and Level Annotations

Branches:
Dungeon (2/15)

Altars:

Annotations:
D:2 Robin


Innate Abilities, Weirdness & Mutations

Your plain brown scales are hard. (AC +4)
You cannot fit into any form of body armour.
You are cold-blooded and may be slowed by cold attacks.


Message History

The goblin barely misses you. The goblin hits you with a +0 club.
* * * LOW HITPOINT WARNING * * *
You hit the goblin.
You kill the goblin!
The goblin no longer looks unusually strong.
Robin throws the goblin at you! You block the goblin's attack.
Robin zaps a wand.
You resist with significant effort.
You hit the goblin but do no damage. You block the goblin's attack.
You hit the goblin.
The goblin is moderately wounded.
You hit Robin. You block the goblin's attack.
A goblin comes into view. It is wielding a +0 dagger of venom.
Robin hits you but does no damage. You block the goblin's attack.
You block Robin's attack.
You hit the goblin. You tail-slap the goblin.
You kill the goblin!
You hit Robin but do no damage. Robin hits you but does no damage.
A goblin comes into view. It is wielding a +0 dagger.
Items here: ))) ††.
Robin roars a battlecry!
The goblins go into a battle-frenzy!
You hear a shout! x2
Robin roars a battlecry!
Robin roars a battlecry!
Robin throws the goblin at you!
There is a stone staircase leading up here.
The goblin misses you.
You climb upwards.
There is a stone staircase leading down here.
You closely miss the goblin. You block the goblin's attack.
The goblin hits you but does no damage.
You are poisoned.
You closely miss the goblin.
* * * LOW HITPOINT WARNING * * *
You feel sick.
The goblin hits you with a +0 dagger of venom.
* * * LOW HITPOINT WARNING * * *
You are more poisoned.
You barely miss the goblin.
Your tail-slap misses the goblin.
You die...

#...########## ##..#
#... ##>.# #..# #...#
#..# ###...######..#
#..........#..#######
#....................
#.............######.
###...##@####.#
#>..##g# #..#
##.....# #.##
#..##.###.#
#..##.#...##
#..##..###.## #.....#
##.## ##.#.##
##.###### #.#.#
#......#


You could see a goblin (strong).

Vanquished Creatures
  An adder (D:2)
  A bat (D:1)
  6 goblins (D:2)
  5 rats (D:1)
13 creatures vanquished.

Notes
Turn   | Place    | Note
-------+----------+-------------------------------------------
     0 | D:1      | KinGLemons the Draconian Fire Elementalist began the quest
                  | for the Orb.
     0 | D:1      | Reached XP level 1. HP: 14/14 MP: 3/3
   251 | D:2      | Reached XP level 2. HP: 6/20 MP: 5/5
   377 | D:2      | Noticed Robin
   407 | D:1      | HP: 1/20 [goblin/+0 dagger of venom[Robin] (4)]
   408 | D:1      | Succumbed to a goblin's poison

Illustrated notes

Levels and vault maps discovered:
D:1:      dpeg_arrival_ratfight, layout_loops_ring
D:2:      layout_basic, palyth_stone_intersect, uniq_robin

Action                   || total
-------------------------++-------
Melee: Unarmed           ||    19
       Hand axe          ||    20
       Tailslap          ||     8
 Stab: Sleeping          ||     1
Armor: Skin              ||    24
Dodge: Dodged            ||    33
Block: Kite shield       ||    14

Table legend: (Time is in decaauts)
 A = Elapsed time spent in this place.
 B = Non-inter-level travel time spent in this place.
 C = Inter-level travel time spent in this place.
 D = Time resting spent in this place.
 E = Time spent auto-exploring this place.
 F = Levels seen in this place.
 G = Mean time per level.
                   A        B        C        D        E       F      G
               +--------+--------+--------+--------+--------+-----+--------+
         Total |    417 |    417 |      0 |      0 |      0 |   2 |  208.5 |
       Dungeon |    417 |    417 |      0 |      0 |      0 |   2 |  208.5 |
               +--------+--------+--------+--------+--------+-----+--------+

Top non-repeatable levels by time:
     D:1: 241 daAuts
     D:2: 176 daAuts
